 Dungeon Crawl Stone Soup version 0.22-a0-247-gbddf880 (webtiles) character file.

24 Firecrotchwizard the Sneak (level 3, 17/17 HPs)
             Began as a Vine Stalker Enchanter on Feb 23, 2018.
             Quit the game on level 1 of the Dungeon.
             The game lasted 00:02:11 (882 turns).

Firecrotchwizard the Sneak (Vine Stalker Enchanter)  Turns: 882, Time: 00:02:11

Health: 17/17      AC:  5    Str: 11    XL:     3   Next: 2%
Magic:  7/7        EV: 10    Int: 15    God:
Gold:   46         SH:  0    Dex: 14    Spells: 5/6 levels left

rFire    . . .     SeeInvis .   a - +1 dagger
rCold    . . .     Gourm    .   (no shield)
rNeg     . . .     Faith    .   f - +0 ring mail
rPois    .         Spirit   +   (no helmet)
rElec    .         Reflect  .   (no cloak)
rCorr    .         Harm     .   (no gloves)
MR       .....                  (no boots)
Stlth    ++........             (no amulet)
HPRegen  0.05/turn              (no ring)
MPRegen  0.10/turn              (no ring)

@: no status effects
A: fangs 2, magic shield, antimagic bite, no potion heal 3, rot immunity
a: no special abilities


You were on level 1 of the Dungeon.
You were not hungry.

You visited 1 branch of the dungeon, and saw 1 of its levels.

You collected 46 gold pieces.

Inventory:

Hand Weapons
 a - a +1 dagger (weapon)
Armour
 b - a +0 robe
 f - a +0 ring mail (worn)
   (You found it on level 1 of the Dungeon)
Potions
 d - 2 potions of brilliance {unknown}
 e - a potion of degeneration {unknown}
 g - a potion of heal wounds {unknown}
Comestibles
 c - 4 rations {@e1}


   Skills:
 + Level 0.9 Fighting
 * Level 1.9 Short Blades
 - Level 1.5 Dodging
 - Level 3.6 Stealth
 - Level 2.1 Spellcasting
 + Level 3.2 Hexes


You had 5 spell levels left.
You knew the following spells:

 Your Spells              Type           Power        Failure   Level  Hunger
v - Corona                Hex            ##.....      14%         1    #......


Dungeon Overview and Level Annotations

Branches:
Dungeon (1/15)

Altars:


Innate Abilities, Weirdness & Mutations

You have extremely sharp teeth.
When hurt, damage is shared between your health and your magic reserves.
Your bite disrupts and absorbs the magic of your enemies.
Potions cannot restore your health.
You are immune to rotting.


Message History

h - 8 chunks of flesh {@w0} (gained 1)
A hobgoblin comes into view. It is wielding a club.
The hobgoblin moves out of view.
The hobgoblin shouts!
The hobgoblin is too close now for your liking.
The hobgoblin hits you with a club.
You take 2 damage, and have 12/14 hp.
You now have 5/6 mp.
You closely miss the hobgoblin. You bite the hobgoblin. You drain its power.
You feel invigorated. The hobgoblin misses you.
MP restored: 6 You hit the hobgoblin but do no damage.
The hobgoblin hits you but does no damage.
You hit the hobgoblin.
You bite the hobgoblin, but do no damage.
The hobgoblin hits you but does no damage.
You hit the hobgoblin. You hit the hobgoblin.
You kill the hobgoblin!
No target in view!
c - 4 rations {@e1} (gained 1)
A goblin comes into view.
The goblin shouts!
You hit the goblin. The goblin hits you but does no damage.
Health restored: 14 You hit the goblin.
You kill the goblin!
No target in view!
You butcher the goblin corpse.
h - 11 chunks of flesh {@w0} (gained 3)
You now have 21 gold pieces (gained 3).
A jackal comes into view.
A hobgoblin comes into view. It is wielding a club.
A jackal comes into view.
The hobgoblin shouts!
You barely miss the jackal.
The jackal bites you but does no damage.
The jackal bites you.
You take 1 damage, and have 13/14 hp.
You closely miss the jackal. The jackal misses you.
You closely miss the jackal. The jackal closely misses you.
You closely miss the jackal. Your bite misses the jackal.
You hit the hobgoblin.
The jackal bites you but does no damage.
The hobgoblin hits you but does no damage.
You hit the hobgoblin. The jackal barely misses you.
The hobgoblin hits you with a club. The jackal bites you.
You take 3 damage, and have 10/14 hp.
MASSIVE DAMAGE!!
You hit the hobgoblin. Your bite misses the hobgoblin.
The jackal barely misses you. The jackal bites you.
The hobgoblin hits you with a club.
The jackal bites you but does no damage.
You take 4 damage, and have 6/14 hp.
MASSIVE DAMAGE!!
You now have 5/6 mp.
The jackal barely misses you.
The jackal bites you but does no damage.
MP restored: 6 You miss the jackal.
Your bite misses the jackal. The jackal barely misses you. x2
Your ring mail prevents you from hitting the jackal.
The jackal barely misses you.
You hit the jackal. The jackal bites you.
You now have 5/6 mp.
You hit the jackal.
You kill the jackal!
You hit the jackal. The jackal bites you. The jackal closely misses you.
You take 1 damage, and have 5/14 hp.
You now have 4/6 mp.
You closely miss the jackal. The jackal misses you.
You barely miss the jackal.
The jackal bites you but does no damage.
You barely miss the jackal.
The jackal bites you but does no damage.
The jackal bites you.
* * * LOW HITPOINT WARNING * * *
You take 2 damage, and have 3/14 hp.
You now have 3/6 mp.
You hit the jackal.
You kill the jackal!
You hit the hobgoblin.
You kill the hobgoblin!
You have reached level 3!
Your experience leads to an increase in your attributes!
Increase (S)trength, (I)ntelligence, or (D)exterity?
Uppercase letters only, please.
You feel stronger.
You start resting.
Some of the chunks of flesh in your inventory have rotted away. x3
All of the chunks of flesh in your inventory have rotted away.
Health restored: 17; MP restored: 7
Things that are here:
a club; a jackal skeleton You now have 36 gold pieces (gained 15).
You now have 46 gold pieces (gained 10).
You see here a mace.
Done exploring.
Done exploring.
Quiver which item? (- for none, * to show all) (? for menu, Esc to quit)
You don't have any such object.
Quiver which item? (- for none, * to show all) (? for menu, Esc to quit)
Okay, then.
Unknown command.

##### ###### #...# .....# #...#
########## ### .....# #...#
##...##...## #). .....# #...#
##..........## #.. .....# #...#
#............# #.. .....###...#
#............###.. .....##....#
#@................ .....##....#
##...)......####.. ..#####..###
##)..##...## #.. #........#
######.######## #.. #..#...#.#
##......# #.. .........#
#..###.## #.. .≈≈≈≈....###.## #.#
##.
≈≈≈≈.≈.......####.##############.
≈≈<>≈≈..####.....................


There were no monsters in sight!

Vanquished Creatures
  A leopard gecko (D:1)
  A bat (D:1)
  2 giant cockroaches (D:1)
  3 goblins (D:1)
  4 hobgoblins (D:1)
  2 jackals (D:1)
  A frilled lizard (D:1)
  3 kobolds (D:1)
  4 rats (D:1)
21 creatures vanquished.

Notes
Turn   | Place    | Note
-------+----------+-------------------------------------------
     0 | D:1      | Firecrotchwizard the Vine Stalker Enchanter began the quest for the Orb.
     0 | D:1      | Reached XP level 1. HP: 9/9 MP: 4/4
     9 | D:1      | Reached skill level 1 in Short Blades
   177 | D:1      | Reached XP level 2. HP: 14/14 MP: 6/6
   568 | D:1      | HP: 3/14 [jackal (2)]
   570 | D:1      | Reached XP level 3. HP: 4/17 MP: 3/7
   882 | D:1      | Quit the game

Vault maps used:
D:1:      dpeg_arrival_pits

Skill      XL: |  1 |
---------------+----+-----
Short Blades   | 1 |  1.9
Fighting       | |  0.9
Dodging        | |  1.5
Stealth        | |  3.6
Spellcasting   | |  2.1
Hexes          | |  3.2

Action                   || total
-------------------------++-------
Melee: Dagger            ||    76
       Bite              ||    18
 Stab: Distracted        ||     1
Armor: Robe              ||     6
       Ring mail         ||    16
Dodge: Dodged            ||    41

Table legend:
 A = Spawn XP
 B = Non-spawn XP
 C = Spawn XP percentage of total XP
 D = Spawn monster count
 E = Non-spawn monster count
 F = Spawn count percentage of total count
 G = Total turns spent on level
                    A         B        C        D         E        F      G
               +---------+---------+-------+---------+---------+-------+---------
         Total |       0 |      35 |   0.0 |       0 |      21 |   0.0 |   882
               +---------+---------+-------+---------+---------+-------+---------
           D:1 |       0 |      35 |   0.0 |       0 |      21 |   0.0 |   882
               +---------+---------+-------+---------+---------+-------+---------

Vault maps used:
D:1:      dpeg_arrival_pits

Table legend:
 A = Turns spent in this place as a percentage of turns spent in the entire game.
 B = Non-inter-level travel turns spent in this place as a percentage of non-inter-level travel turns spent in the entire game.
 C = Inter-level travel turns spent in this place as a percentage of turns spent in this place.
 D = Turns resting spent in this place as a percentage of non-inter-level travel turns spent in this place.
 E = Turns spent auto-exploring this place as a percentage of non-inter-level travel turns spent in this place.
 F = Non-inter-level travel turns spent in this place divided by the number of levels of this place that you've seen.
                   A       B       C       D       E      F
               +-------+-------+-------+-------+-------+----------------------
         Total | 100.0 | 100.0 |   0.0 |  49.1 |  31.3 | 882.0
       Dungeon | 100.0 | 100.0 |   0.0 |  49.1 |  31.3 | 882.0
               +-------+-------+-------+-------+-------+----------------------

Table legend:
 A = Kills in this place as a percentage of kills in entire the game.
 B = Kills by you in this place as a percentage of kills by you in the entire game.
 C = Kills by friends in this place as a percentage of kills by friends in the entire game.
 D = Other kills in this place as a percentage of other kills in the entire game.
 E = Experience gained in this place as a percentage of experience gained in the entire game.
 F = Experience gained in this place divided by the number of levels of this place that you have seen.
                   A       B       C       D       E      F
               +-------+-------+-------+-------+-------+----------------------
         Total | 100.0 | 100.0 |   N/A |   N/A | 100.0 |  35.0
       Dungeon | 100.0 | 100.0 |   N/A |   N/A | 100.0 |  35.0
               +-------+-------+-------+-------+-------+----------------------
